Orko, chaotic male orcish Rogue |.. |..----- .....|o-- ....)d0?| ....(./-- E..).)[-- ....|....- ---.<. |..- Orko the Cutpurse Experience level: 5 Strength: 18 Dexterity: 14 Constitution: 12 Intelligence: 8 Wisdom: 10 Charisma: 10 Health: 0(27) Energy: 11(11) Def: 8 Gold: 300 Moves: 1214 Dungeon seed: 84KxpUzUV8tH4ZcE Game ID: Orko_1571137160 Your Inventory: Spellbooks Q - an uncursed spellbook of teleport away Rings l - an uncursed ring of regeneration Armor h - an uncursed +0 orcish helm (being worn) n - an uncursed +0 dwarvish cloak (being worn) u - an uncursed +0 plate mail (being worn) Weapons a - an uncursed +0 orcish dagger named Arga (weapon in hand) m - an uncursed +0 orcish dagger q - 4 uncursed +0 orcish daggers (in quiver) W - a cursed -2 dagger Comestibles k - an uncursed food ration p - 2 uncursed apples x - 2 uncursed lichen corpses N - 2 uncursed fortune cookies O - an uncursed tripe ration Tools j - an uncursed skeleton key V - 2 uncursed tallow candles (0:200) Gems e - an uncursed worthless piece of white glass r - 3 uncursed worthless pieces of yellowish brown glass y - an uncursed worthless piece of orange glass Coins $ - 300 gold pieces Spells and supernatural/magical abilities: Name Level Category Fail Memory W - pray for help -- divine ? -- Your skills at the end: Fighting Skills Weapon Skills dagger [Basic] short sword [Basic] Spellcasting Skills Final Attributes: You were fervently aligned. You were poison resistant. You were hallucinating. You had infravision. You were stealthy. You are dead. Vanquished creatures: 2 gnome lords a gnomish wizard 2 dwarves a hobbit a yellow mold 8 gnomes a gnome zombie a jackal a kobold 2 goblins a sewer rat 6 grid bugs 3 lichens a kobold zombie a newt and a partridge in a pear tree 32 creatures vanquished. Voluntary challenges: You were an atheist. You used a wielded weapon 22 times, starting on turn 202. You read items or engraved 2 times, starting on turn 669. You never genocided any monsters. You never polymorphed an object. You never changed form. You used no wishes. You never split a pudding. You never wrote Elbereth's name. You violated your moral code, losing 10 points of alignment, starting on turn 1144. You abstained from Elbereth's help. You werepermanently hallucinating. Dungeon overview: The Dungeons of Doom: levels 1 to 4 Level 1 a fountain a long staircase Level 2 a potion shop Level 3 Level 4 stairs to The Gnomish Mines The Gnomish Mines: Level 5 <- You were here stairs to The Dungeons of Doom History has recorded: On T:1 you entered the Dungeons of Doom to retrieve the Amulet of Yendor! On T:245 you reached level 2 of The Dungeons of Doom. On T:473 you reached level 3 of The Dungeons of Doom. On T:501 you advanced to experience level 2. On T:521 you reached level 4 of The Dungeons of Doom. On T:1073 you reached level 1 of The Gnomish Mines. On T:1078 you advanced to experience level 3. On T:1106 you advanced to experience level 4. On T:1151 you advanced to experience level 5. Score breakdown: Gold: 300 ( 8431 points) Experience: 5 levels (11141 points) Exploration: 5 levels ( 10.64%) ( 8846 points) Discoveries: 0 items ( 0.00%) ( 0 points) Valuables value: (no points given unless you survive) Artifact value: 0 ( 0 points) Variety of kills: 15 monsters ( 3.94%) ( 5952 points) Turncount: 1214 turns ( 0 points) Survival: died (score multiplied by 80%) Total score: 27496 Latest messages: W - a dagger. U - 10 darts. q - an uncursed +0 orcish dagger (in quiver). c - an uncursed +0 orcish short sword named Warga. You see here an uncursed sack named X. You carefully open the sack named X... You put 18 darts into the sack named X. You carefully open the sack named X... You put an uncursed +0 orcish short sword named Warga into the sack named X. You put 4 uncursed +0 orcish daggers into the sack named X. The book was coated with contact poison! You are getting the munchies. The housecat wields a runed dagger! The yellow mold throws a runed dagger! It misses. The rock mole hits! The lich hits! The gnomish wizard hits! You die... Final status: Goodbye Orko the Rogue, killed by a hallucinogen-distorted hobbit, while frozen by a spellbook... You died in The Gnomish Mines on dungeon level 5 with 27496 points, and 300 pieces of gold, after 1214 moves. You were level 5 with a maximum of 27 hit points when you died.